 Dungeon Crawl Stone Soup version 0.25-a0-474-ga8a2ee3166 (webtiles) character file.

Game seed: 1330796354930896075, levelgen mode: deterministic

23 Esekla the Magician (level 2, -1/15 HPs)
             Began as a Deep Elf Wizard on Feb 7, 2020.
             Slain by a worm (6 damage)
             ... on level 2 of the Dungeon.
             The game lasted 00:05:12 (676 turns).

Esekla the Magician (Deep Elf Wizard)                Turns: 676, Time: 00:05:14

Health: -1/15      AC:  2    Str:  4    XL:     2   Next: 72%
Magic:  1/10       EV: 13    Int: 22    God:
Gold:   16         SH:  0    Dex: 13    Spells: 8/11 levels left

rFire    . . .     SeeInvis .   e - +0 dagger
rCold    . . .     Gourm    .   (no shield)
rNeg     . . .     Faith    .   a - +0 robe
rPois    .         Spirit   .   b - +0 hat
rElec    .         Reflect  .   (no cloak)
rCorr    .         Harm     .   (no gloves)
MR       .....                  (no boots)
Stlth    ++........             (no amulet)
HPRegen  0.05/turn              (no ring)
MPRegen  0.12/turn              (no ring)

@: very slightly contaminated
A: no striking features
a: no special abilities


You were on level 2 of the Dungeon.
You were not hungry.

You visited 1 branch of the dungeon, and saw 2 of its levels.

You collected 16 gold pieces.

Inventory:

Hand Weapons
 e - a +0 dagger (weapon)
Armour
 a - a +0 robe (worn)
 b - a +0 hat (worn)
Scrolls
 c - a scroll of random uselessness {unknown}
Comestibles
 d - a ration


   Skills:
 + Level 2.7 Dodging
 + Level 2.6 Stealth
 * Level 5.4 Spellcasting
 + Level 1.1 Conjurations
   Level 1.1 Summonings
 * Level 1.2 Translocations


You had 8 spell levels left.
You knew the following spells:

 Your Spells              Type           Power        Failure   Level  Hunger
a - Magic Dart            Conj           ##..         6%          1    None
b - Blink                 Tloc           N/A          9%          2    None

Your spell library contained the following spells:

 Spells                   Type           Power        Failure   Level  Hunger
 Call Imp                 Summ           ##......     10%         2    None
 Slow                     Hex            #.......     14%         2    None
 Conjure Flame            Conj/Fire      #.......     24%         3    ##.....
 Mephitic Cloud           Conj/Pois/Air  #.......     26%         3    ##.....


Dungeon Overview and Level Annotations

Branches:
Dungeon (2/15)

Altars:


Message History

Casting: Magic Dart (safe; 6% risk of failure)
Confirm with . or Enter, or press ? or * to list all spells.
Okay, then.
You barely miss the worm.
The worm is lightly wounded.
You hit the worm.
The worm is lightly wounded.
The worm misses you.
You hit the worm.
The worm is moderately wounded.
You completely miss the worm.
The worm is moderately wounded.
The worm bites you!
Ouch! That really hurt!
You hit the worm.
The worm is moderately wounded.
You hit the worm but do no damage.
The worm is moderately wounded.
The worm bites you.
You die...

#..# #..# #..# #..#
#..# # #..#
##..#.##†.#
.......w..############
......##@............#
###################.##
.......<.....##.#
........####....#
######### ######


You could see a worm.

Vanquished Creatures
  2 leopard geckos (D:1)
  2 giant cockroaches
  2 goblins (D:1)
  3 hobgoblins
  4 jackals (D:1)
  A ball python (D:1)
  2 bats (D:1)
  2 kobolds (D:1)
  A rat (D:1)
19 creatures vanquished.

Notes
Turn   | Place    | Note
-------+----------+-------------------------------------------
     0 | D:1      | Esekla the Deep Elf Wizard began the quest for the Orb.
     0 | D:1      | Reached XP level 1. HP: 10/10 MP: 7/7
    97 | D:1      | Reached XP level 2. HP: 15/15 MP: 2/9
   103 | D:1      | Learned a level 2 spell: Blink
   163 | D:1      | Reached skill level 5 in Spellcasting
   676 | D:2      | Slain by a worm

Levels and vault maps discovered:
D:1:      dpeg_arrival_tiny_a, layout_rooms
D:2:      cheibrodos_pilgrimage, layout_basic, first_ration, minmay_tetromino_o4

Skill      XL: |  1  2 |
---------------+-------+-----
Spellcasting   | 5 |  5.4
Dodging        | |  2.7
Stealth        | |  2.6
Conjurations   | |  1.1
Summonings     | |  1.1
Translocations | |  1.2

Action                   || total
-------------------------++-------
Melee: Dagger            ||    18
       Unarmed           ||     4
 Cast: Magic Dart        ||    43
Armor: Robe              ||     9
Dodge: Dodged            ||    36

Table legend:
 A = Non-vault XP
 B = Vault XP
 C = Vault XP percentage of total XP
 D = Non-vault monster count
 E = Vault monster count
 F = Vault count percentage of total count
                 A         B        C        D         E       F
            +---------+---------+-------+---------+---------+-------
      Total |      33 |       0 |   0.0 |      19 |       0 |   0.0
            +---------+---------+-------+---------+---------+-------
        D:1 |      29 |       0 |   0.0 |      17 |       0 |   0.0
        D:2 |       4 |       0 |   0.0 |       2 |       0 |   0.0
            +---------+---------+-------+---------+---------+-------
